 Dungeon Crawl Stone Soup version 0.28.0 (webtiles) character file.

Game seed: 4623138227713798196

317 pkoi the Chopper (level 6, -5/50 (52) HPs)
             Began as a Minotaur Gladiator on Feb 4, 2022.
             Was an Initiate of Okawaru.
             Killed by nerve-wracking pain
             ... invoked by a shadow imp
              (10 damage)
             ... on level 7 of the Dungeon.
             The game lasted 00:03:28 (4089 turns).

pkoi the Chopper (Minotaur Gladiator)               Turns: 4089, Time: 00:03:29

HP:   -5/50 (52)    AC:  4    Str: 21    XL:     6   Next: 20%
MP:   5/5           EV: 13    Int:  5    God:    Okawaru [......]
Gold: 298           SH:  0    Dex: 17    Spells: 5/5 levels left

rFire   . . .      SeeInvis .   a - +0 war axe (freeze)
rCold   . . .      Faith    .   (no shield)
rNeg    . . .      Spirit   .   b - +0 leather armour
rPois   .          Reflect  .   c - +1 hat
rElec   .          Harm     .   (no cloak)
rCorr   .          Rampage  .   (no gloves)
Will    .....                   (no boots)
Stlth   +.........              (no amulet)
HPRegen 0.16/turn               f - +6 ring of dexterity
MPRegen 0.09/turn               (no ring)

@: lightly drained
A: horns 2, retaliatory headbutt
a: Renounce Religion


You were on level 7 of the Dungeon.
You worshipped Okawaru.
Okawaru was noncommittal.
You visited 1 branch of the dungeon, and saw 6 of its levels.

You collected 298 gold pieces.

Inventory:

Hand Weapons
 a - a +0 war axe of freezing (weapon)
Missiles
 d - 3 throwing nets (quivered)
Armour
 b - a +0 leather armour (worn)
 c - a +1 hat (worn)
Jewellery
 f - a +6 ring of dexterity (left hand)
 s - a ring of see invisible
Scrolls
 e - 2 scrolls of identify
 h - a scroll of blinking
 i - a scroll of teleportation
Potions
 g - a potion of curing
 j - a potion of ambrosia
 l - a potion of might
 o - a potion of haste
 p - a potion of flight {unknown}
 q - a potion of heal wounds {unknown}


   Skills:
 + Level 4.2 Fighting
 * Level 6.4 Axes
 - Level 2.0 Throwing
 + Level 3.4 Armour
 - Level 3.2 Dodging
 + Level 1.0 Invocations


You had 5 spell levels left.
You didn't know any spells.
Your spell library contained the following spells:

 Spells                   Type           Power      Damage    Failure   Level
 Magic Dart               Conj           0%         1d3       52%         1
 Pain                     Necr           0%         1d4       52%         1
 Sublimation of Blood     Necr           0%         N/A       67%         2
 Mephitic Cloud           Conj/Pois/Air  0%         N/A       88%         3
 Vampiric Draining        Necr           0%         2d6       88%         3
 Call Imp                 Summ           Unusable   N/A       N/A         2

Dungeon Overview and Level Annotations

Branches:
Dungeon (5/15)
 Temple: D:4-7

Altars:
Okawaru
Ru


Innate Abilities, Weirdness & Mutations

You have a pair of horns on your head.
You reflexively headbutt those who attack you in melee.


Message History

The centaur wields a +0 shortbow.
The centaur shoots an arrow.
The arrow hits you!
A centaur comes into view.
The centaur shoots an arrow.
The arrow hits you!
* * * LOW HITPOINT WARNING * * *
The centaur shoots an arrow.
The arrow hits you.
* * * LOW HITPOINT WARNING * * *
An orc comes into view.
It is wielding a +0 flail and wearing a +1 ring mail of cold resistance.
The orc shouts!
You hear a shout! x2
The orc moves out of view.
An orc warrior and 2 orcs come into view.
An orc is wielding a +1 short sword of draining.
The orc warrior shouts!
The orc shouts!
The orc moves out of view.
You closely miss the orc. The orc hits you with a +0 flail.
* * * LOW HITPOINT WARNING * * *
The orc misses you.
You slash the orc! You freeze the orc.
You kill the orc!
Okawaru accepts your kill.
The centaur shoots an arrow.
The arrow hits you!
* * * LOW HITPOINT WARNING * * *
The centaur shoots an arrow.
The arrow hits you.
* * * LOW HITPOINT WARNING * * *
A shadow imp comes into view.
An orc comes into view. It is wielding a +0 whip.
The orc shouts!
The shadow imp shouts, "Slither home, thou baffled moon-mazed clack-dish!"
The orc hits you but does no damage.
You feel drained.
Items here: ( ) [ †.
The centaur shoots an arrow.
The arrow hits you!
* * * LOW HITPOINT WARNING * * *
The orc hits you with a +1 short sword of draining.
* * * LOW HITPOINT WARNING * * *
You feel drained.
* * * LOW HITPOINT WARNING * * *
Unknown command.
The shadow imp gestures at you. Pain shoots through your body!
You die...

######...####
#....#
##..#.# ####
#...# ..
#...#####O.##
...
#...o...)c##
##
#...###o.##
#..5##o.##
#...@..##
#...#### #...
#... #...
####


You could see an orc warrior, an ogre, a centaur, a shadow imp and an orc.

Vanquished Creatures
  A jelly (D:5)
  An iguana (D:5)
  An orc wizard (D:5)
  A hound skeleton (D:5)
  6 gnolls
  5 adders
  An adder skeleton (D:4)
  2 dart slugs
  9 orcs
  8 ball pythons
  11 endoplasms
  3 giant cockroaches
  11 goblins
  5 hobgoblins
  6 jackals
  8 kobolds
  2 quokkas
  9 bats
  4 frilled lizards
  13 rats
107 creatures vanquished.

Vanquished Creatures (others)
  9 plants (D:5)
9 creatures vanquished.

Grand Total: 116 creatures vanquished

Notes
Turn   | Place    | Note
-------+----------+-------------------------------------------
     0 | D:1      | pkoi the Minotaur Gladiator began the quest for the Orb.
     0 | D:1      | Reached XP level 1. HP: 18/18 MP: 0/0
   108 | D:1      | Reached skill level 4 in Axes
   108 | D:1      | Reached XP level 2. HP: 23/25 MP: 1/1
   120 | D:1      | Reached skill level 1 in Armour
   531 | D:1      | Reached XP level 3. HP: 31/31 MP: 2/2
  1237 | D:2      | Reached skill level 5 in Axes
  1249 | D:2      | Reached XP level 4. HP: 38/38 MP: 3/3
  2685 | D:4      | Reached XP level 5. HP: 46/46 MP: 4/4
  3089 | D:4      | Found an iron altar of Okawaru.
  3106 | D:4      | Got the Volume of Venomous Black Magic
  3110 | D:4      | Found a sacrificial altar of Ru.
  3148 | D:4      | Reached skill level 6 in Axes
  3156 | D:4      | Became a worshipper of Warmaster Okawaru
  3485 | D:5      | Entered Level 5 of the Dungeon
  3924 | D:5      | Reached XP level 6. HP: 42/52 MP: 5/5
  3927 | D:5      | Reached skill level 1 in Invocations
  4075 | D:5      | You fall into a shaft and drop 2 floors!
  4082 | D:7      | Noticed an orc warrior
  4089 | D:7      | Killed from afar by a shadow imp

Illustrated notes

Levels and vault maps discovered:
D:1:      saegor_arrival_simple_b, layout_rooms, minmay_rat_gold_closets
D:2:      layout_rooms, st_stairs_10, minmay_surrounded
D:3:      layout_basic
D:4:      layout_basic, jmf_multi_god_temple, hangedman_abyss_or_decor_stagger
D:5:      layout_layer_cave, serial_bayou_ford_a, corexii_checkpoint_a,
          uniq_crazy_yiuf_cottage
D:7:      layout_rooms, minmay_temple_entry_gardened_gates, serial_shops, shop,
          minmay_three_doors, uniq_menkaure

Skill      XL: |  1  2  3  4  5  6 |
---------------+-------------------+-----
Axes           | 4 5 6 |  6.4
Armour         | 1 2 3 |  3.4
Fighting       | 3 4 |  4.2
Invocations    | 1 |  1.0
Throwing       | |  2.0
Dodging        | |  3.2

Action                   |  1- 3 |  4- 6 || total
-------------------------+-------+-------++-------
Melee: War axe           |    71 |    83 ||   154
       Headbutt          |     8 |    10 ||    18
       Punch             |       |     1 ||     1
  Use: Scroll            |     2 |     6 ||     8
       Potion            |       |     4 ||     4
 Stab: Sleeping          |     6 |     1 ||     7
Armor: Leather armour    |    24 |    17 ||    41
Dodge: Dodged            |    50 |    63 ||   113
